 Dungeon Crawl Stone Soup version 0.16-a0-3855-gd2600ac (webtiles) character file.

193 timbw the Chopper (level 5, -15/45 HPs)
             Began as a Deep Dwarf Gladiator on Jan 31, 2015.
             Demolished by an orc warrior
             ... wielding a +0 glaive
              (26 damage)
             ... on level 6 of the Dungeon.
             The game lasted 00:02:15 (403 turns).

timbw the Chopper (Deep Dwarf Gladiator)             Turns: 403, Time: 00:02:16

Health: -15/45     AC:  6    Str: 19    XL:     5   Next: 43%
Magic:  5/5        EV: 12    Int:  8    God:
Gold:   64         SH:  0    Dex: 14    Spells: 0 memorised, 4 levels left

rFire  . . .     SeeInvis .     a - +0 war axe
rCold  . . .     Clarity  .     k - +0 ring mail
rNeg   . . .     SustAb   .     (no shield)
rPois  .         Gourm    .     c - +0 helmet
rElec  .         Spirit   .     (no cloak)
rCorr  .         Warding  .     (no gloves)
rMut   .         Stasis   .     (no boots)
MR     .....                    (no amulet)
Stlth  +.........               (no ring)
                                (no ring)

@: non-regenerating, not resistant to hostile enchantments, very unstealthy
A: damage resistance, recharge devices, sense surroundings 1, slow healing 3
a: Device Recharging


You were on level 6 of the Dungeon.
You were not hungry.

You visited 1 branch of the dungeon, and saw 4 of its levels.

You collected 64 gold pieces.

Inventory:

Hand weapons
 a - a +0 war axe (weapon)
Armour
 b - a +0 leather armour
 c - a +0 helmet (worn)
 k - a +0 ring mail (worn)
Jewellery
 m - an uncursed amulet of regeneration {unknown}
Magical devices
 e - a wand of heal wounds (5)
Scrolls
 g - a scroll of remove curse {unknown}
 h - a scroll of blinking {unknown}
 j - a scroll of amnesia {unknown}
 q - a scroll of random uselessness {unknown}
Potions
 l - a potion of haste {unknown}
 n - a potion of cancellation {unknown}
 o - a potion of magic {unknown}
 p - a potion of curing {unknown}
 r - 2 potions of degeneration {unknown}
Books
 i - a book of Frost

   Spells                             Type                      Level
   a - Freeze                         Ice                          1
   b - Throw Frost                    Conjuration/Ice              2
   c - Ozocubu's Armour               Charms/Ice                   3
   d - Throw Icicle                   Conjuration/Ice              4
   e - Summon Ice Beast               Ice/Summoning                4
   f - Condensation Shield            Ice                          4
Comestibles
 f - 2 bread rations


   Skills:
 + Level 1.7 Fighting
 * Level 6.8 Axes
 - Level 1.7 Throwing
 - Level 3.2 Dodging


You had 4 spell levels left.
You didn't know any spells.

Dungeon Overview and Level Annotations

Branches:
Dungeon (6/15)
 Temple: D:4-7

Altars:
Fedhas
Qazlal


Innate Abilities, Weirdness & Mutations

You are resistant to damage.
You can recharge devices by infusing magical energy.
You passively map a small area around you.
You do not heal naturally.


Message History

You hit the orc but do no damage. The orc hits you but does no damage.
The orc warrior struggles against the net.
You hit the orc warrior but do no damage.
The orc warrior is heavily wounded.
You hit the orc but do no damage. The orc completely misses you.
The orc warrior struggles against the net.
You slash the orc warrior!
The orc warrior is almost dead.
You hit the orc.
The orc is lightly wounded.
The orc warrior struggles against the net.
The net rips apart, and the orc warrior comes free!
The orc closely misses you.
You barely miss the orc warrior.
The orc warrior is almost dead.
You slash the orc!
You kill the orc!
The orc warrior hits you with a glaive!!
Ouch! That really hurt!
You die...

,... #.....# #.#,
....*#.....#.#.# ,
....##.....#.#.#
*,... #.....#.#.#
*,* #.....#.#.# *
* * ###.....#.#.#,
#.........#.#####*
,
#.#........†....#
#.#####...)@....#
#.# #...)o....#
#.# #.........#
#.#####.........#
#.#....(........#
#.###.#.........#
#.# #.#.........#
* #.# #)#....(....
#.###)#........ *


You could see an orc warrior.

Vanquished Creatures
  A giant frog (D:6)
  2 orc priests (D:6)
  2 iguanas (D:6)
  A giant mite (D:3)
  3 orcs
  A giant cockroach (D:2)
  A ball python (D:2)
  A bat (D:6)
  A goblin (D:2)
  4 jackals (D:6)
  A rat (D:6)
18 creatures vanquished.

Notes
Turn   | Place    | Note
--------------------------------------------------------------
     0 | D:1      | timbw, the Deep Dwarf Gladiator, began the quest for the Orb.
     0 | D:1      | Reached XP level 1. HP: 19/19 MP: 1/1
   105 | D:3      | Noticed an orc priest
   107 | D:3      | Noticed an orc priest
   225 | D:3      | Found a stormy altar of Qazlal.
   228 | D:3      | Reached skill level 4 in Axes
   228 | D:3      | Reached XP level 2. HP: 9/26 MP: 2/2
   233 | D:3      | Found a blossoming altar of Fedhas.
   237 | D:3      | You fall through a shaft!
   257 | D:6      | Reached XP level 3. HP: 29/32 MP: 3/3
   314 | D:6      | Reached skill level 5 in Axes
   314 | D:6      | Reached XP level 4. HP: 34/39 MP: 4/4
   358 | D:6      | Noticed a giant frog
   358 | D:6      | Noticed an orc warrior
   375 | D:6      | Killed a giant frog
   375 | D:6      | Reached skill level 6 in Axes
   375 | D:6      | Reached XP level 5. HP: 25/45 MP: 5/5
   403 | D:6      | Demolished by an orc warrior

Action                   |  1- 3 |  4- 6 || total
-------------------------+-------+-------++-------
Melee: War axe           |    45 |    20 ||    65
Throw: Throwing net      |     1 |     2 ||     3
  Use: Potion            |     1 |       ||     1
 Stab: Held in net/web   |       |     2 ||     2
